 Dungeon Crawl Stone Soup version 0.28.0-53-g5a82cb258f (webtiles) character file.

Game seed: 18042864080635178179

49 gobodom the Vandal (level 3, -24/24 HPs)
             Began as a Demonspawn Wanderer on June 7, 2022.
             Killed by an exploding Terence (26 damage)
             ... ignited by their inner flame
             ... on level 3 of the Dungeon.
             The game lasted 00:09:59 (2210 turns).

gobodom the Vandal (Demonspawn Wanderer)            Turns: 2210, Time: 00:10:02

Health: -24/24     AC: 11    Str: 10    XL:     3   Next: 51%
Magic:  3/3        EV:  8    Int: 12    God:
Gold:   157        SH:  0    Dex: 15    Spells: 2/2 levels left

rFire   . . .      SeeInvis .   c - +1 whip
rCold   . . .      Faith    .   (no shield)
rNeg    + . .      Spirit   .   j - +2 scale mail {rN+}
rPois   .          Reflect  .   (no helmet)
rElec   .          Harm     .   d - +0 cloak
rCorr   .          Rampage  .   (no gloves)
Will    .....                   (no boots)
Stlth   +.........              (no amulet)
HPRegen 0.08/turn               (no ring)
MPRegen 0.08/turn               (no ring)

@: no status effects
A: icy blue scales 1, weak 1, MP-powered wands
a: no special abilities


You were on level 3 of the Dungeon.
You visited 1 branch of the dungeon, and saw 3 of its levels.

You collected 157 gold pieces.

Inventory:

Hand Weapons
 a - a +2 hunting sling
 c - a +1 whip (weapon)
 f - a +0 mace
Missiles
 b - 20 sling bullets
 g - 90 stones (quivered)
Armour
 d - a +0 cloak (worn)
 e - a +1 robe
 j - a +2 scale mail of positive energy (worn)
Scrolls
 k - a scroll of immolation


   Skills:
 + Level 0.1 Fighting
 + Level 0.6 Maces & Flails
 + Level 5.3(5.4) Slings
 + Level 1.0(3.4) Throwing
 + Level 0.4 Dodging
 + Level 1.9 Stealth
 + Level 1.0 Unarmed Combat
 + Level 1.0 Evocations


You had 2 spell levels left.
You didn't know any spells.
Your spell library contained the following spells:

 Spells                   Type           Power      Damage    Failure   Level
 Summon Small Mammal      Summ           0%         N/A       94%         1
 Call Canine Familiar     Summ           0%         N/A       100%        3
 Summon Guardian Golem    Hex/Summ       0%         N/A       100%        3
 Orb of Destruction       Conj           0%         9d5       100%        7
 Spellforged Servitor     Conj/Summ      0%         N/A       100%        7


Dungeon Overview and Level Annotations

Branches:
Dungeon (3/15)

Altars:


Innate Abilities, Weirdness & Mutations

You are partially covered in icy blue scales. (AC +2)
You are weak. (Str -2)
You expend magic power (3 MP) to strengthen your wands.


Message History

Terence barely misses you.
You hit Terence but do no damage.
Terence is heavily wounded.
Terence barely misses you.
You hit Terence but do no damage.
Terence is heavily wounded.
Terence hits you with a +0 flail.
You hit Terence.
Terence is heavily wounded.
Terence hits you with a +0 flail.
You hit Terence.
Terence is severely wounded.
Terence closely misses you.
You hit Terence but do no damage.
Terence is severely wounded.
Terence hits you with a +0 flail.
You hit Terence but do no damage.
Terence is severely wounded.
Terence closely misses you.
You hit Terence but do no damage.
Terence is severely wounded.
Terence hits you with a +0 flail.
* * * LOW HITPOINT WARNING * * *
As you read the scroll of immolation, it crumbles to dust.
The creatures around you are filled with an inner flame!
Terence barely misses you.
You hit Terence but do no damage.
Terence is severely wounded.
Terence hits you but does no damage.
You hit Terence but do no damage. Your punch misses Terence.
Terence is severely wounded.
Terence hits you with a +0 flail.
* * * LOW HITPOINT WARNING * * *
You hit Terence.
Flame seeps out of Terence.
Terence is severely wounded.
Terence is engulfed in blazing flames.
Terence explodes!
The fiery explosion engulfs you!!
Ouch! That really hurt!
You die...

... . #...# # # #.#.#
#. #. #####.... #..
#. #.....#.#
#...#.##.....#.#
#............#.##
#......§§§.<....#
#......@○.##.#..#
#......§#..#.$..###.[
........##......(....
..##....##..........$
. ##.####...........
.. ##........#. ...
#........# ....
#........# ##$......#


There were no monsters in sight!

Vanquished Creatures
  Terence (D:3)
  An adder (D:2)
  A worm (D:2)
  A dart slug (D:2)
  3 ball pythons
  3 bats
  2 endoplasms (D:1)
  2 giant cockroaches (D:1)
  3 hobgoblins
  3 quokkas
  2 frilled lizards (D:2)
  2 goblins
  4 kobolds
  5 rats
33 creatures vanquished.

Vanquished Creatures (others)
  A plant (D:2)
1 creature vanquished.

Grand Total: 34 creatures vanquished

Notes
Turn   | Place    | Note
-------+----------+-------------------------------------------
     0 | D:1      | gobodom the Demonspawn Wanderer began the quest for the
                  | Orb.
     0 | D:1      | gobodom set off with the following items: a +2 hunting
                  | sling, 23 sling bullets, a potion of mutation, a +0 cloak,
                  | a +0 robe
     0 | D:1      | Reached XP level 1. HP: 13/13 MP: 1/1
     0 | D:1      | Gained mutation: You have sharp toenails. [potion of
                  | mutation]
     0 | D:1      | Gained mutation: You have an increased reservoir of magic.
                  | (+10% MP) [potion of mutation]
   292 | D:1      | Gained mutation: You are partially covered in icy blue
                  | scales. (AC +2) [demonic ancestry]
   292 | D:1      | Reached XP level 2. HP: 14/19 MP: 2/2
   404 | D:1      | Reached skill level 5 in Slings
  1209 | D:2      | Found a faded altar of an unknown god.
  1319 | D:2      | Reached XP level 3. HP: 23/24 MP: 3/3
  1832 | D:2      | Lost mutation: You have sharp toenails. [potion of
                  | mutation]
  1832 | D:2      | Lost mutation: You have an increased reservoir of magic.
                  | (+10% MP) [potion of mutation]
  1832 | D:2      | Gained mutation: You are weak. (Str -2) [potion of
                  | mutation]
  1832 | D:2      | Gained mutation: You expend magic power (3 MP) to
                  | strengthen your wands. [potion of mutation]
  2182 | D:3      | Noticed Terence
  2210 | D:3      | Killed Terence
  2210 | D:3      | Killed by an exploding Terence... ignited by their inner
                  | flame

Illustrated notes

Levels and vault maps discovered:
D:1:      lightli_arrival_windingriver, layout_basic
D:2:      layout_loops_ring, dreamdust_ecumenical_altar_grove,
          minmay_small_reverse_x
D:3:      layout_rooms, dancing_weapons_uskayaw, uniq_terence

Skill      XL: |  1  2 |
---------------+-------+-----
Slings         | 5 |  5.3
Fighting       | |  0.1
Maces & Flails | |  0.6
Throwing       | |  1.0
Dodging        | |  0.4
Stealth        | |  1.9
Unarmed Combat | |  1.0
Evocations     | |  1.0

Action                   || total
-------------------------++-------
Melee: Hunting sling     ||    15
       Kick              ||    23
       Whip              ||    76
 Fire: Hunting sling     ||    15
  Use: Potion            ||     4
       Scroll            ||     8
 Stab: Sleeping          ||     3
Armor: Robe              ||    23
       Scale mail        ||    14
Dodge: Dodged            ||    55
